 Dungeon Crawl Stone Soup version 0.29.1-2-gbd0b4ee654 (webtiles) character file.

Game seed: 3376609253086009827

1656 Avanven the Cudgeller (level 9, -4/73 HPs)
             Began as a Gnoll Cinder Acolyte on Nov 5, 2022.
             Was an Elder of Ignis.
             Slain by an orc warrior
             ... wielding a +0 halberd
              (14 damage)
             ... on level 7 of the Dungeon.
             The game lasted 00:10:33 (6374 turns).

Avanven the Cudgeller (Gnoll Cinder Acolyte)        Turns: 6374, Time: 00:10:35

Health: -4/73      AC: 10    Str: 24    XL:     9   Next: 0%
Magic:  0/16       EV: 12    Int: 14    God:    Ignis [****..]
Gold:   343        SH:  5    Dex:  7    Spells: 15/17 levels left

rFire   + . .      SeeInvis .   e - +2 whip (drain)
rCold   . . .      Faith    .   (no shield)
rNeg    . . .      Spirit   .   b - +1 robe
rPois   .          Reflect  +   (no helmet)
rElec   .          Harm     .   (no cloak)
rCorr   .          Rampage  .   (no gloves)
Will    .....                   (no boots)
Stlth   ++........              t - amulet of reflection
HPRegen 0.22/turn               r - +6 ring of strength
MPRegen 0.15/turn               (no ring)

@: fiery-armoured
A: fangs 1, strong nose, distributed training
a: Renounce Religion, Fiery Armour, Foxfire Swarm, Rising Flame


You were on level 7 of the Dungeon.
You worshipped Ignis.
Ignis was greatly pleased with you.
You visited 2 branches of the dungeon, and saw 8 of its levels.

You collected 343 gold pieces.

Inventory:

Hand Weapons
 a - a -1 mace of flaming
 e - a +2 whip of draining (weapon)
Missiles
 k - 2 throwing nets
Armour
 b - a +1 robe (worn)
Jewellery
 c - an amulet of faith
 r - a +6 ring of strength (left hand)
 t - an amulet of reflection (around neck)
Wands
 l - a wand of polymorph (16)
Scrolls
 f - 3 scrolls of enchant armour
 i - a scroll of butterflies {unknown}
 m - 3 scrolls of vulnerability
 o - 2 scrolls of identify
 p - a scroll of fear {unknown}
 u - a scroll of amnesia
Potions
 d - 3 potions of curing
 g - a potion of might {unknown}
 h - 2 potions of attraction
 j - a potion of ambrosia {unknown}
 n - 2 potions of berserk rage
 q - a potion of cancellation {unknown}
 s - a potion of lignification {unknown}


   Skills:
 + Level 7.7 Fighting
 + Level 3.9 Short Blades
 + Level 3.9 Long Blades
 + Level 3.9 Axes
 + Level 7.7 Maces & Flails
 + Level 3.9 Polearms
 + Level 3.9 Staves
 + Level 3.9 Ranged Weapons
 + Level 3.9 Throwing
 + Level 3.9 Armour
 + Level 3.9 Dodging
 + Level 3.9 Stealth
 + Level 3.9 Shields
 + Level 3.9 Unarmed Combat
 + Level 4.9 Spellcasting
 + Level 3.2 Conjurations
 + Level 3.2 Hexes
 + Level 3.2 Summonings
 + Level 3.2 Necromancy
 + Level 3.2 Translocations
 + Level 3.2 Transmutations
 + Level 6.4 Fire Magic
 + Level 3.2 Ice Magic
 + Level 3.2 Air Magic
 + Level 3.2 Earth Magic
 + Level 3.2 Poison Magic
 + Level 4.3 Invocations
 + Level 3.9 Evocations


You had 15 spell levels left.
You knew the following spells:

 Your Spells              Type           Power      Damage    Failure   Level
a - Scorch                Fire           42%        2d7       1%          2

Your spell library contained the following spells:

 Spells                   Type           Power      Damage    Failure   Level
 Conjure Flame            Conj/Fire      16%        6-21      8%          3
 Ignite Poison            Fire/Tmut/Pois 15%        N/A       9%          3
 Sticky Flame             Conj/Fire      16%        2d4       24%         4


Dungeon Overview and Level Annotations

Branches:
Dungeon (7/15)             Temple (1/1) D:4

Altars:
Ashenzari
Cheibriados
Dithmenos
Elyvilon
Gozag
Hepliaklqana
Kikubaaqudgha
Makhleb
Nemelex Xobeh
Okawaru
Qazlal
Ru
Sif Muna
Trog
Uskayaw
Vehumet
Wu Jian
Yredelemnul
Zin


Innate Abilities, Weirdness & Mutations

You have very sharp teeth.
Your uncanny sense of smell can sniff out nearby items.
Your experience applies equally to all skills.


Message History

Flames lash the orc warrior but do no damage.
The orc wizard is no longer more vulnerable to fire.
The orc warrior hits you from afar with a +0 halberd!
The orc wizard closely misses you.
Flames lash the orc warrior.
The orc warrior is lightly wounded.
The orc warrior's fire resistance burns away.
The orc wizard barely misses you.
The orc warrior hits you but does no damage.
The orc wizard hits you with a +1 dagger of speed.
Flames lash the orc warrior but do no damage.
The orc warrior hits you from afar with a +0 halberd!!
* * * LOW HITPOINT WARNING * * *
The orc wizard casts a spell.
The orc wizard flickers and vanishes!
Deactivating autopickup; reactivate with Ctrl-A.
You hear some strange, mumbled words.
A puff of flame appears from out of thin air!
The puff of flame hits you. You resist.
* * * LOW HITPOINT WARNING * * *
A protective cloak of flame settles atop you.
The orc warrior is no longer more vulnerable to fire.
You whack something! You punch something!
Reactivating autopickup.
You feel a bit more experienced.
The orc warrior hits you from afar with a +0 halberd.
* * * LOW HITPOINT WARNING * * *
You have reached level 9!
Your experience leads to an increase in your attributes!
Your base attributes are Str 16, Int 14, Dex 7.
Increase (S)trength, (I)ntelligence, or (D)exterity?
You feel stronger. x2
You are too injured to fight recklessly!
Casting: Scorch (safe; 1% risk of failure)
Confirm with . or Enter, or press ? or * to list all spells.
Flames lash the orc warrior.
The orc warrior is lightly wounded.
The orc warrior's fire resistance burns away.
The orc warrior hits you from afar with a +0 halberd!
You die...

..# ##..##
..#
##..######
###
##......#
######.#
#.# #.## .
#..# ...
##.# #.
#@# #.# ∆
#o# #.#
#.# ).#
.).# .#..#
.....#


You could see an orc warrior (combustible).

Vanquished Creatures
  Sigmund (D:5)
  A water moccasin (D:7)
  2 black bears (D:6)
  2 ogres
  A centaur (D:6)
  A phantom (D:6)
  2 bullfrogs
  A necrophage (D:7)
  4 scorpions
  An orc priest (D:7)
  2 hounds
  5 iguanas
  An orc wizard (D:7)
  Robin (D:3)
  9 adders
  A shadow imp (D:5)
  2 white imps
  A worm (D:5)
  A dart slug (D:5)
  7 orcs
  6 endoplasms
  4 giant cockroaches
  11 goblins
  9 hobgoblins
  7 jackals
  8 quokkas
  6 ball pythons
  2 bats (D:1)
  3 frilled lizards
  6 kobolds
  3 rats
111 creatures vanquished.

Vanquished Creatures (others)
  19 foxfires (D:5)
  A fungus (D:1)
  3 plants
23 creatures vanquished.

Grand Total: 134 creatures vanquished

Notes
Turn   | Place    | Note
-------+----------+-------------------------------------------
     0 | D:1      | Avanven the Gnoll Cinder Acolyte began the quest for the
                  | Orb.
     0 | D:1      | Reached XP level 1. HP: 23/23 MP: 4/4
   205 | D:1      | Found a faded altar of an unknown god.
   342 | D:1      | Reached XP level 2. HP: 29/29 MP: 5/5
  1002 | D:2      | You fall into a shaft and drop 1 floor!
  1023 | D:3      | Reached XP level 3. HP: 33/35 MP: 7/7
  1065 | D:3      | Reached skill level 1 in Invocations
  1074 | D:3      | HP: 1/35 [frozen (3)]
  1418 | D:3      | Found a bloodstained altar of Trog.
  1473 | D:3      | Reached skill level 1 in Short Blades
  1473 | D:3      | Reached skill level 1 in Long Blades
  1473 | D:3      | Reached skill level 1 in Axes
  1473 | D:3      | Reached skill level 1 in Polearms
  1473 | D:3      | Reached skill level 1 in Staves
  1473 | D:3      | Reached skill level 1 in Ranged Weapons
  1473 | D:3      | Reached skill level 1 in Throwing
  1473 | D:3      | Reached skill level 1 in Armour
  1473 | D:3      | Reached skill level 1 in Dodging
  1473 | D:3      | Reached skill level 1 in Stealth
  1473 | D:3      | Reached skill level 1 in Shields
  1473 | D:3      | Reached skill level 1 in Unarmed Combat
  1473 | D:3      | Reached skill level 1 in Evocations
  1494 | D:3      | Reached XP level 4. HP: 38/41 MP: 8/8
  1544 | D:3      | Noticed Robin
  1564 | D:3      | Killed Robin
  1565 | D:3      | Reached skill level 1 in Conjurations
  1565 | D:3      | Reached skill level 1 in Hexes
  1565 | D:3      | Reached skill level 1 in Summonings
  1565 | D:3      | Reached skill level 1 in Necromancy
  1565 | D:3      | Reached skill level 1 in Translocations
  1565 | D:3      | Reached skill level 1 in Transmutations
  1565 | D:3      | Reached skill level 1 in Ice Magic
  1565 | D:3      | Reached skill level 1 in Air Magic
  1565 | D:3      | Reached skill level 1 in Earth Magic
  1565 | D:3      | Reached skill level 1 in Poison Magic
  1777 | D:3      | Learned a level 2 spell: Scorch
  1870 | D:3      | Found a hazy altar of Hepliaklqana.
  2371 | D:4      | Noticed a bullfrog
  2376 | D:4      | Killed a bullfrog
  2377 | D:4      | Reached XP level 5. HP: 43/47 MP: 2/9
  2671 | D:4      | Reached XP level 6. HP: 50/53 MP: 3/11
  2768 | D:4      | Found a staircase to the Ecumenical Temple.
  3431 | D:5      | Entered Level 5 of the Dungeon
  3464 | Temple   | Entered the Ecumenical Temple
  3755 | D:5      | Reached XP level 7. HP: 27/60 MP: 12/12
  4092 | D:5      | Noticed Sigmund
  4096 | D:5      | Killed Sigmund
  4440 | D:5      | Found a shimmering blue altar of Sif Muna.
  4715 | D:6      | Reached XP level 8. HP: 28/67 MP: 8/14
  6373 | D:7      | Reached XP level 9. HP: 9/73 MP: 2/16
  6374 | D:7      | Slain by an orc warrior

Illustrated notes

Levels and vault maps discovered:
D:1:      dpeg_arrival_radiant, layout_rooms, shapermc_ecumenical_altar_ellora
D:2:      layout_basic, minmay_tripent, uniq_terence
D:3:      layout_loops_ring, mainiacjoe_overflow_catwalk_spiral,
          serial_bayou_crossing, uniq_robin
D:4:      layout_basic, minmay_temple_entry_gardened_gates
D:5:      layout_rooms, marbit_many_paths, uniq_sigmund
D:6:      layout_cave_pods
D:7:      minmay_blocky_corners, layout_basic
Temple:   nicolae_temple_bog_church

Skill      XL: |  1  2  3  4  5  6  7  8 |
---------------+-------------------------+-----
Invocations    | 1 2 3 4 |  4.3
Short Blades   | 1 2 3 |  3.9
Long Blades    | 1 2 3 |  3.9
Axes           | 1 2 3 |  3.9
Polearms       | 1 2 3 |  3.9
Staves         | 1 2 3 |  3.9
Ranged Weapons | 1 2 3 |  3.9
Throwing       | 1 2 3 |  3.9
Armour         | 1 2 3 |  3.9
Dodging        | 1 2 3 |  3.9
Stealth        | 1 2 3 |  3.9
Shields        | 1 2 3 |  3.9
Unarmed Combat | 1 2 3 |  3.9
Evocations     | 1 2 3 |  3.9
Spellcasting   | 3 4 |  4.9
Conjurations   | 1 2 3 |  3.2
Hexes          | 1 2 3 |  3.2
Summonings     | 1 2 3 |  3.2
Necromancy     | 1 2 3 |  3.2
Translocations | 1 2 3 |  3.2
Transmutations | 1 2 3 |  3.2
Ice Magic      | 1 2 3 |  3.2
Air Magic      | 1 2 3 |  3.2
Earth Magic    | 1 2 3 |  3.2
Poison Magic   | 1 2 3 |  3.2
Fighting       | 7 |  7.7
Maces & Flails | 7 |  7.7
Fire Magic     | 6 |  6.4

Action                   |  1- 3 |  4- 6 |  7- 9 || total
-------------------------+-------+-------+-------++-------
Melee: Mace              |    31 |       |       ||    31
       Bite              |     7 |     4 |     2 ||    13
       Punch             |     2 |     2 |     1 ||     5
       Whip              |    62 |    65 |    32 ||   159
 Cast: Scorch            |       |    30 |    66 ||    96
Invok: Fiery Armour      |     1 |     1 |     1 ||     3
       Foxfire Swarm     |       |     1 |       ||     1
  Use: Scroll            |     4 |     3 |       ||     7
       Potion            |     1 |       |       ||     1
 Stab: Sleeping          |       |     1 |       ||     1
Armor: Robe              |    15 |    16 |    10 ||    41
Dodge: Dodged            |    56 |    30 |    36 ||   122
Block: Other             |       |       |     1 ||     1
